 Dungeon Crawl Stone Soup version 0.31-a0-257-gf185e81a89 (webtiles) character file.

Game seed: 9436585069979883777

274 qw the Shooter (level 6, -7/51 HPs)
             Began as a Minotaur Hexslinger on July 12, 2023.
             Mangled by an iguana (12 damage)
             ... on level 4 of the Dungeon.
             The game lasted 00:00:52 (3052 turns).

qw the Shooter (Minotaur Hexslinger)                Turns: 3052, Time: 00:00:53

Health: -7/51      AC:  5    Str: 13    XL:     6   Next: 3%
Magic:  6/6        EV: 11    Int: 10    God:
Gold:   154        SH:  0    Dex: 14    Spells: 6/7 levels left

rFire   + . .        Y - +1 sling
rCold   . . .        (no shield)
rNeg    . . .        e - +0 ring mail
rPois   .            (helmet restricted)
rElec   .            (no cloak)
rCorr   .            (no gloves)
SInv    .            (no boots)
Will    .....        (no amulet)
Stlth   +            f - ring of protection from fire
HPRegen 0.28/turn    (no ring)
MPRegen 0.10/turn

%: no passive effects
@: no status effects
A: horns 2, retaliatory headbutt
a: no special abilities


You were on level 4 of the Dungeon.
You visited 1 branch of the dungeon, and saw 4 of its levels.

You collected 154 gold pieces.


Innate Abilities, Weirdness & Mutations

You have a pair of horns on your head.
You reflexively headbutt those who attack you in melee.


   Skills:
 + Level 3.0 Fighting
 - Level 6.1 Ranged Weapons
 - Level 2.0 Armour
 - Level 2.1 Dodging
 - Level 1.0 Spellcasting
 - Level 2.0 Hexes


You had 6 spell levels left.
You knew the following spells:

 Your Spells              Type           Power      Damage    Failure   Level
a - Slow                  Hex            16%        N/A       32%         1

Your spell library contained the following spells:

 Spells                   Type           Power      Damage    Failure   Level
 Inner Flame              Hex/Fire       2%         N/A       82%         3
 Portal Projectile        Hex/Tloc       4%         N/A       82%         3
 Cause Fear               Hex            2%         N/A       97%         4

Inventory:

Hand Weapons
 Y - a +1 sling (weapon)
Armour
 e - a +0 ring mail (worn)
Jewellery
 f - a ring of protection from fire (left hand)
 h - a ring of flight
Scrolls
 b - a scroll of identify {unknown}
Potions
 a - a potion of brilliance {unknown}
 c - a potion of lignification {unknown}
 d - a potion of curing {unknown}
 g - a potion of might {unknown}
 i - a potion of enlightenment {unknown}

Dungeon Overview and Level Annotations

Branches:
Dungeon (4/15)
 Temple: D:4-7

Altars:

Annotations:
D:3 2 transporters, qw's ghost, amateur GrHs


Message History

The iguana bites you!
You shoot a sling bullet. The sling bullet hits the iguana.
The iguana is moderately wounded.
The iguana closely misses you.
The iguana bites you but does no damage.
You shoot a sling bullet.
The sling bullet hits the iguana but does no damage.
The iguana is moderately wounded.
The iguana bites you!
You shoot a sling bullet.
The sling bullet hits the iguana but does no damage.
The iguana is moderately wounded.
The iguana closely misses you. You furiously retaliate!
You headbutt the iguana. You shoot a sling bullet.
The sling bullet closely misses the iguana.
The iguana bites you!
You shoot a sling bullet.
The sling bullet hits the iguana but does no damage.
The iguana is heavily wounded.
The iguana bites you.
You shoot a sling bullet. The sling bullet hits the iguana.
The iguana is severely wounded.
The iguana closely misses you. The iguana bites you.
You shoot a sling bullet.
The sling bullet barely misses the iguana.
The iguana bites you.
You shoot a sling bullet.
The sling bullet closely misses the iguana.
The iguana barely misses you.
You shoot a sling bullet. The sling bullet hits the iguana.
The iguana is almost dead.
The iguana bites you but does no damage.
You shoot a sling bullet.
The sling bullet closely misses the iguana.
The iguana bites you! The iguana closely misses you.
You shoot a sling bullet.
The sling bullet hits the iguana but does no damage.
The iguana is almost dead.
The iguana bites you!
You die...

### #.. #.# #
#.#
..#####.#######
#.......l.....#
#.....#@####
####
#......#...#
#...
#.....#.##.# #
##.##
##<..##.##.##.#
#.... !...#
#.#..... #..##
####
#.#..######
#(.##
#..........
#....
###..######
#.###
######..####
#.#


You could see an iguana.

Vanquished Creatures
  A black bear (D:4)
  Natasha (thrice) (D:2)
  A gnoll (D:1)
  3 adders
  An ufetubus (D:2)
  A worm (D:4)
  3 orcs (D:3)
  6 bats
  A giant cockroach (D:1)
  6 goblins
  9 hobgoblins
  4 jackals (D:3)
  6 quokkas
  2 ball pythons (D:3)
  2 frilled lizards
  6 kobolds
  A rat (D:2)
56 creatures vanquished.

Notes
Turn   | Place    | Note
-------+----------+-------------------------------------------
     0 | D:1      | qw the Minotaur Hexslinger began the quest for the Orb.
     0 | D:1      | Reached XP level 1. HP: 16/16 MP: 1/1
     0 | D:1      | 0 ||| qw: Version: 0.3-a-52-g30416fa
     0 | D:1      | 0 ||| qw: Game counter: 6779
     0 | D:1      | 0 ||| qw: Melee chars always use a shield: true
     0 | D:1      | 0 ||| qw: God list: Okawaru
     0 | D:1      | 0 ||| qw: Allow faded altars: false
     0 | D:1      | 0 ||| qw: Do Orc after clearing Dungeon:15 true
     0 | D:1      | 0 ||| qw: Do second Lair branch before Depths: true
     0 | D:1      | 0 ||| qw: Lair rune preference: random
     0 | D:1      | 0 ||| qw: Goals: Normal
     0 | D:1      | 0 ||| PLANNING D:1-11
   115 | D:1      | Reached skill level 3 in Ranged Weapons
   131 | D:1      | Reached XP level 2. HP: 23/23 MP: 2/2
   642 | D:1      | Reached XP level 3. HP: 23/29 MP: 3/3
   798 | D:1      | 798 ||| UPGRADING to +0 ring mail.
   808 | D:1      | 808 ||| DROPPING +0 robe.
   809 | D:1      | 809 ||| UPGRADING to ring of protection from fire.
   810 | D:1      | 810 ||| READING scroll labelled DUDGHY WYRRI.
   811 | D:1      | 811 ||| DROPPING scroll of poison.
  1041 | D:2      | Found a faded altar of an unknown god.
  1095 | D:2      | Reached skill level 4 in Ranged Weapons
  1137 | D:2      | Noticed Natasha
  1142 | D:2      | Killed Natasha
  1143 | D:2      | Reached XP level 4. HP: 36/36 MP: 4/4
  1159 | D:2      | Noticed Natasha
  1168 | D:2      | Killed Natasha
  1187 | D:2      | Noticed Natasha
  1195 | D:2      | HP: 7/36 [Natasha/magic dart (5)]
  1197 | D:2      | HP: 1/36 [Natasha (7)]
  1198 | D:2      | Killed Natasha
  1568 | D:2      | Reached skill level 5 in Ranged Weapons
  1631 | D:2      | Reached XP level 5. HP: 37/41 MP: 5/5
  1971 | D:2      | 1971 ||| READING scroll labelled VOOGGU QUDYUMUU.
  1972 | D:2      | 1972 ||| READING scroll labelled HUAPHI VUTT.
  2071 | D:3      | Noticed qw's ghost (amateur GrHs)
  2080 | D:3      | Found a transporter.
  2237 | D:3      | Found a transporter.
  2383 | D:3      | Reached skill level 3 in Fighting
  2391 | D:3      | 2391 ||| FLEEEEING.
  2392 | D:3      | 2392 ||| FLEEEEING.
  2393 | D:3      | 2393 ||| FLEEEEING.
  2394 | D:3      | 2394 ||| FLEEEEING.
  2395 | D:3      | 2395 ||| FLEEEEING.
  2396 | D:3      | 2396 ||| FLEEEEING.
  2397 | D:3      | 2397 ||| FLEEEEING.
  2690 | D:3      | 2690 ||| DROPPING +6 ring of intelligence.
  2723 | D:4      | 2723 ||| PLANNING OSSUARY
  2824 | D:4      | Noticed a black bear
  2836 | D:4      | HP: 10/45 [black bear (3)]
  2837 | D:4      | 2837 ||| READING scroll of teleportation.
  2837 | D:4      | HP: 3/45 [black bear (2)]
  2838 | D:4      | Killed a black bear
  2839 | D:4      | Reached skill level 6 in Ranged Weapons
  2839 | D:4      | Reached XP level 6. HP: 4/51 MP: 6/6
  3051 | D:4      | HP: 5/51 [iguana (10)]
  3052 | D:4      | Mangled by an iguana

Levels and vault maps discovered:
D:1:      nagdon_arrival_zigzag_paths, layout_loops_ring, grunt_decor_clamped
D:2:      minmay_chambers_of_ones, layout_loops_ring,
          shapermc_ecumenical_altar_flowoftime, dreamdust_princess_corridor,
          grunt_decor_junction, uniq_natasha
D:3:      layout_basic, gammafunk_ghost_arena, serial_corexii_hall,
          chequers_hall_statues_corner_a, chequers_hall_statues_corner_a,
          chequers_hall_statues_wall_a, corexii_hall_statues_l
D:4:      layout_loops_ring, lemuel_crystal_altar, enter_ossuary_4

Skill      XL: |  1  2  3  4  5 |
---------------+----------------+-----
Ranged Weapons | 3 4 5 6 |  6.1
Fighting       | 2 3 |  3.0
Armour         | 2 |  2.0
Dodging        | |  2.1
Spellcasting   | |  1.0
Hexes          | |  2.0

Action                     |  1- 3 |  4- 6 || total
---------------------------+-------+-------++-------
   Fire: Sling             |    91 |   123 ||   214
    Use: Scroll            |     1 |     3 ||     4
 Armour: Robe              |     1 |       ||     1
         Ring mail         |     8 |    51 ||    59
  Dodge: Dodged            |    34 |    69 ||   103

Table legend:
 A = Non-vault XP
 B = Vault XP
 C = Vault XP percentage of total XP
 D = Non-vault monster count
 E = Vault monster count
 F = Vault count percentage of total count
                 A         B        C        D         E       F
            +---------+---------+-------+---------+---------+-------
      Total |     319 |      73 |  18.6 |      50 |       6 |  10.7
            +---------+---------+-------+---------+---------+-------
        D:1 |      48 |       0 |   0.0 |      19 |       0 |   0.0
        D:2 |      89 |      73 |  45.1 |      15 |       6 |  28.6
        D:3 |      41 |       0 |   0.0 |      14 |       0 |   0.0
        D:4 |     141 |       0 |   0.0 |       2 |       0 |   0.0
            +---------+---------+-------+---------+---------+-------
